 Dungeon Crawl Stone Soup version 0.30-a0-304-gdc4b735fe1 (webtiles) character file.

Game seed: 14042837698221333840

3291 purpskrrrp the Magician (level 10, -10/72 HPs)
             Began as a Djinni Fire Elementalist on Oct 20, 2022.
             Was a High Priest of Elyvilon.
             Mangled by a yak (13 damage)
             ... on level 8 of the Dungeon.
             The game lasted 00:24:47 (8717 turns).

purpskrrrp the Magician (Djinni Fire Elementalist)  Turns: 8717, Time: 00:24:48

Health: -10/72     AC:  4    Str:  6    XL:     10   Next: 20%
Gold:   454        EV: 16    Int: 20    God:    Elyvilon [*****.] SH:  5 Dex: 18

rFire   + + +      SeeInvis .    j - +4 whip (elec)
rCold   x . .      Faith    .    (no shield)
rNeg    . . .      Spirit   .    a - +2 robe
rPois   ∞          Reflect  +    (helmet restricted)
rElec   .          Harm     .    (no cloak)
rCorr   .          Rampage  .    (no gloves)
Will    +....                    (boots unavailable)
Stlth   ++........               v - amulet of reflection
HPRegen 0.32/turn                G - ring of wizardry
MPRegen 0.00/turn                A - ring "Eruple" {rPois rF+}

@: flying
A: sickness immunity, fire resistance 2, cold vulnerability 1, float, innate
caster, HP casting, extra vitality 1, horns 1, agile 1, deterioration 1
a: Renounce Religion, Purification, Heal Other, Heal Self, Divine Vigour


You were on level 8 of the Dungeon.
You worshipped Elyvilon.
Elyvilon was extremely pleased with you.
You visited 1 branch of the dungeon, and saw 9 of its levels.

You collected 454 gold pieces.

Inventory:

Hand Weapons
 f - a +0 vorpal falchion
 j - a +4 whip of electrocution (weapon)
Missiles
 F - a throwing net
Armour
 a - a +2 robe (worn)
 k - a +0 helmet
Magical Staves
 c - a staff of fire
 n - a staff of conjuration
Jewellery
 b - a ring of protection from cold
 h - an amulet of faith
 v - an amulet of reflection (around neck)
 A - the ring "Eruple" (right hand) {rPois rF+}
   (You found it on level 7 of the Dungeon)

   [ring of protection from fire]

   rF:        It protects you from fire.
   rPois:     It protects you from poison.
 G - a ring of wizardry (left hand)
Wands
 q - a wand of paralysis (6)
 s - a wand of flame (11)
Scrolls
 g - a scroll of magic mapping
 o - a scroll of teleportation
 u - a scroll of enchant armour
 y - 2 scrolls of torment
Potions
 d - 2 potions of might
 e - 3 potions of attraction
 i - a potion of resistance
 l - 3 potions of degeneration
 m - a potion of flight
 p - a potion of invisibility
 t - a potion of brilliance
 w - a potion of mutation
 x - a potion of ambrosia
 z - 4 potions of curing
 D - a potion of cancellation


   Skills:
 - Level 5.9 Fighting
 - Level 1.4 Long Blades
 - Level 7.3 Dodging
 - Level 2.3 Stealth
 * Level 7.9 Spellcasting
 + Level 2.2 Invocations
 - Level 1.5 Evocations


You had one spell level left.
You knew the following spells:

 Your Spells              Type           Power      Damage    Failure   Level
a - Foxfire               Conj/Fire      100%       2x1d9     1%          1
b - Scorch                Fire           78%        2d8       1%          2
c - Kindle Blastsparks    Fire/Tloc/Air  78%        2d16      1%          3
d - Inner Flame           Hex/Fire       39%        N/A       1%          3
e - Flame Wave            Conj/Fire      39%        2d11      1%          4
f - Shock                 Conj/Air       100%       1d9       1%          1
g - Static Discharge      Conj/Air       78%        2-6/arc   1%          2
h - Ignite Poison         Fire/Tmut/Pois 39%        N/A       1%          3
i - Anguish               Hex/Necr       19%        N/A       1%          4
Your spell library was empty.

Dungeon Overview and Level Annotations

Branches:
Dungeon (9/15)             Temple (0/1) D:6
   Lair: D:8-11         Orc: D:9-12

Altars:
Cheibriados
Dithmenos
Elyvilon
Fedhas
Hepliaklqana
Makhleb
Qazlal
Trog
Wu Jian
Yredelemnul


Innate Abilities, Weirdness & Mutations

You are immune to sickness and miasma.
You are immune to poison.
Your flesh is very heat resistant. (rF++)
You are vulnerable to cold. (rC-)
You float through the air rather than walking.
You learn spells naturally, not from books.
Your magical power is your life essence.
You have superior vitality. (+4 MHP)
You have a pair of small horns on your head.
You are agile. (Dex +4, Str/Int -1)
Your body sometimes deteriorates upon taking damage.


Message History

The flame wave engulfs the yak!
The yak is moderately wounded.
You block the yak's attack.
Your Invocations skill increases to level 2!
A wave of flame ripples out!
The flame wave engulfs the yak but does no damage.
The yak is moderately wounded.
The flame wave engulfs the yak!
The yak is severely wounded.
The flame wave engulfs the yak.
The yak is heavily wounded.
You finish channelling waves of flame.
You hear a shout! x4
The yak misses you. x2; The yak gores you!
* * * LOW HITPOINT WARNING * * *
Casting: Flame Wave (dangerous; 1% risk of failure)
Confirm with . or Enter, or press ? or * to list all spells.
Casting: Flame Wave (dangerous; 1% risk of failure)
Press: ? - help, Dir - look around, f - activate A wave of flame ripples out!
The flame wave engulfs the yak!
The yak is heavily wounded.
The flame wave engulfs the yak.
The yak is severely wounded.
The flame wave engulfs the yak!
The yak is almost dead. (Press . to intensify the flame waves.)
* * * LOW HITPOINT WARNING * * *
You block the yak's attack. The yak gores you!
* * * LOW HITPOINT WARNING * * *
The yak gores you. Elyvilon protects you from harm!
A wave of flame ripples out!
The flame wave engulfs the yak!
The yak is almost dead.
The flame wave engulfs the yak.
The yak is almost dead.
The flame wave engulfs the yak.
The yak is almost dead.
* * * LOW HITPOINT WARNING * * *
The yak barely misses you. The yak closely misses you. The yak gores you!
You die...

#....< #.........
#..... #........
#..... #........
#..... #......†.
#..... ........#
###### .......<# #
......YY# #
......Y@###### #
..#####..#...# #
#..........###########
#.........#........#.#
+.........#........#..
#.....##.[#.....)..#..
#.....##..#........#..
#.....#...#........#..
#.....#...#........#..


You could see 3 yaks.

Vanquished Creatures
  Joseph (D:8)
  Grinder (D:4)
  3 yaks (D:8)
  2 water moccasins
  2 orc warriors
  An ice beast (D:7)
  2 centaurs (D:5)
  A lemure (D:8)
  2 phantoms
  A bullfrog (D:8)
  2 scorpions
  3 wights (D:8)
  4 electric eels (D:6)
  5 howler monkeys
  3 jellies
  3 hounds (D:6)
  Jessica (D:2)
  2 gnoll boudas
  3 iguanas
  4 orc wizards
  Robin (D:2)
  8 adders
  22 gnolls
  A shadow imp (D:7)
  A white imp (D:5)
  An ufetubus (D:5)
  2 dart slugs (D:3)
  16 orcs
  8 endoplasms
  16 hobgoblins
  3 jackals (D:2)
  3 kobolds
  5 quokkas
  9 ball pythons
  7 bats
  5 frilled lizards
  13 goblins
  11 rats
178 creatures vanquished.

Vanquished Creatures (collateral kills)
  A foxfire (D:6)
1 creature vanquished.

Vanquished Creatures (others)
  663 foxfires
  13 plants (D:6)
676 creatures vanquished.

Grand Total: 855 creatures vanquished

Notes
Turn   | Place    | Note
-------+----------+-------------------------------------------
     0 | D:1      | purpskrrrp the Djinni Fire Elementalist began the quest for
                  | the Orb.
     0 | D:1      | purpskrrrp set off with the following spells memorised:
                  | Foxfire, Scorch, Kindle Blastsparks, Inner Flame, Flame
                  | Wave.
     0 | D:1      | Reached XP level 1. HP: 15/15 MP: 0/0
   124 | D:1      | Reached XP level 2. HP: 17/21 MP: 0/0
   588 | D:1      | Reached XP level 3. HP: 22/25 MP: 0/0
   588 | D:1      | Learned a level 1 spell: Shock
   683 | D:1      | Found a faded altar of an unknown god.
   694 | D:1      | Prayed at the altar of an unknown god.
   694 | D:1      | Became a worshipper of Elyvilon the Healer
   694 | D:1      | Reached * piety under Elyvilon
   747 | D:1      | Gained mutation: You are agile. (Dex +4, Str/Int -1)
                  | [potion of mutation]
   747 | D:1      | Gained mutation: Your muscles are strong. (Str +4, Int/Dex
                  | -1) [potion of mutation]
   747 | D:1      | Gained mutation: Your spells are a little easier to cast,
                  | but a little less powerful. [potion of mutation]
   747 | D:1      | Gained mutation: You have a somewhat thin skeletal
                  | structure. (Dex +2, Stealth+) [potion of mutation]
   882 | D:2      | Noticed Jessica
   885 | D:2      | Noticed Robin
  1223 | D:2      | Reached XP level 4. HP: 29/31 MP: 0/0
  1342 | D:2      | Killed Robin
  1387 | D:2      | Reached skill level 1 in Long Blades
  1429 | D:2      | Killed Jessica
  1430 | D:2      | Reached XP level 5. HP: 31/36 MP: 0/0
  1430 | D:2      | Learned a level 2 spell: Static Discharge
  1560 | D:2      | Reached ** piety under Elyvilon
  2039 | D:3      | Reached skill level 1 in Fighting
  2310 | D:3      | Reached skill level 1 in Evocations
  2430 | D:3      | Reached *** piety under Elyvilon
  2702 | D:3      | Reached XP level 6. HP: 35/42 MP: 0/0
  3517 | D:4      | Noticed Grinder
  3529 | D:4      | Killed Grinder
  3530 | D:4      | Reached XP level 7. HP: 40/49 MP: 0/0
  3530 | D:4      | Learned a level 3 spell: Ignite Poison
  3802 | D:4      | Reached **** piety under Elyvilon
  4296 | D:4      | Found a burning altar of Makhleb.
  4466 | D:4      | Lost mutation: You have a somewhat thin skeletal structure.
                  | (Dex +2, Stealth+) [potion of mutation]
  4466 | D:4      | Lost mutation: You are agile. (Dex +4, Str/Int -1) [potion
                  | of mutation]
  4466 | D:4      | Gained mutation: You passively map a small area around you.
                  | [potion of mutation]
  4466 | D:4      | Gained mutation: You are partially covered in iridescent
                  | scales. (AC +2) [potion of mutation]
  4467 | D:4      | Lost mutation: Your muscles are strong. (Str +4, Int/Dex
                  | -1) [potion of mutation]
  4467 | D:4      | Lost mutation: You passively map a small area around you.
                  | [potion of mutation]
  4467 | D:4      | Lost mutation: You are partially covered in iridescent
                  | scales. (AC +2) [potion of mutation]
  4467 | D:4      | Gained mutation: You expend health (3 HP) to strengthen
                  | your wands. [potion of mutation]
  4467 | D:4      | Lost mutation: You expend health (3 HP) to strengthen your
                  | wands. [potion of mutation]
  4467 | D:4      | Gained mutation: Your muscles are strong. (Str +4, Int/Dex
                  | -1) [potion of mutation]
  4468 | D:4      | Lost mutation: Your muscles are strong. (Str +4, Int/Dex
                  | -1) [potion of mutation]
  4468 | D:4      | Lost mutation: Your spells are a little easier to cast, but
                  | a little less powerful. [potion of mutation]
  4468 | D:4      | Gained mutation: Your body sometimes deteriorates upon
                  | taking damage. [potion of mutation]
  4468 | D:4      | Gained mutation: You have a pair of small horns on your
                  | head. [potion of mutation]
  4468 | D:4      | Gained mutation: You are agile. (Dex +4, Str/Int -1)
                  | [potion of mutation]
  4504 | D:5      | Entered Level 5 of the Dungeon
  4517 | D:5      | Found a shadowy altar of Dithmenos.
  4630 | D:5      | Found a blossoming altar of Fedhas.
  4669 | D:5      | Reached XP level 8. HP: 53/56 MP: 0/0
  4875 | D:5      | Found a hazy altar of Hepliaklqana.
  4888 | D:5      | Reached ***** piety under Elyvilon
  4910 | D:5      | Reached skill level 5 in Dodging
  4910 | D:5      | Reached skill level 5 in Spellcasting
  5149 | D:6      | Found a staircase to the Ecumenical Temple.
  6100 | D:6      | You are sucked into a shaft and drop 3 floors!
  6254 | D:8      | Reached XP level 9. HP: 47/63 MP: 0/0
  6254 | D:8      | Learned a level 4 spell: Anguish
  6572 | D:8      | Noticed Joseph
  6581 | D:8      | Killed Joseph
  6582 | D:8      | Reached skill level 5 in Fighting
  6649 | D:7      | Found a bloodstained altar of Trog.
  6649 | D:7      | Identified the ring "Eruple" {rPois rF+}
  6799 | D:6      | Found a white marble altar of Elyvilon.
  6803 | D:6      | Found a snail-covered altar of Cheibriados.
  6808 | D:6      | Found an ornate altar of the Wu Jian Council.
  6926 | D:6      | Found a basalt altar of Yredelemnul.
  7845 | D:7      | Found a stormy altar of Qazlal.
  7854 | D:7      | Reached XP level 10. HP: 60/72 MP: 0/0
  8705 | D:8      | Reached skill level 1 in Invocations
  8716 | D:8      | Elyvilon protects you from harm!
  8717 | D:8      | Mangled by a yak

Illustrated notes

Levels and vault maps discovered:
D:1:      tarquinn_simple_flora_water_b, layout_rooms,
          hellmonk_ecumenical_altar_crossroads
D:2:      layout_basic, hangedman_decor_growths, uniq_robin, uniq_jessica
D:3:      layout_basic, grunt_decor_mini_mirrors
D:4:      layout_loops_corners, bloody_makhleb, uniq_grinder
D:5:      layout_basic, lemuel_doored_altar, nicolae_dithmenos_the_darkroom,
          mainiacjoe_overflow_24_doors, amcnicky_mini_pool_small
D:6:      layout_rooms, grunt_temple_overflow_diamond,
          mainiacjoe_overflow_alcove_2, minmay_temple_entry_junction,
          nicolae_eternal_life, amcnicky_mini_corridor_feature,
          serial_bayou_lake_a
D:7:      layout_basic, mainiacjoe_overflow_alcove_4,
          nicolae_qazlal_eye_of_the_storm
D:8:      layout_gridville, nrook_uturn, eino_tiny_chamber, uniq_pikel,
          uniq_joseph, uniq_prince_ribbit1, uniq_maggie
D:9:      layout_basic, minitemple, hellmonk_lair_entry_icy, orc_0_dummy,
          gammafunk_ghost_nasty_kobolds, serial_shops, shop,
          kennysheep_cluttered_room

Skill      XL: |  1  2  3  4  5  6  7  8  9 10 |
---------------+-------------------------------+-----
Stealth        | 2 |  2.3
Spellcasting   | 3 4 5 7 |  7.9
Long Blades    | 1 |  1.4
Dodging        | 3 4 5 7 |  7.3
Fighting       | 1 2 3 4 5 |  5.9
Evocations     | 1 |  1.5
Invocations    | 2 |  2.2

Action                   |  1- 3 |  4- 6 |  7- 9 | 10-12 || total
-------------------------+-------+-------+-------+-------++-------
Melee: Unarmed           |     1 |       |       |       ||     1
       Falchion          |    43 |       |       |       ||    43
       Staff             |       |    58 |       |       ||    58
       Punch             |       |     1 |       |     1 ||     2
       Whip              |       |     8 |    73 |    10 ||    91
       Headbutt          |       |       |    17 |     3 ||    20
 Cast: Foxfire           |    70 |   139 |   213 |    22 ||   444
       Kindle Blastspark |       |     2 |       |     6 ||     8
       Scorch            |       |     1 |       |       ||     1
       Static Discharge  |       |     2 |       |       ||     2
       Flame Wave        |       |       |     2 |     2 ||     4
  Use: Potion            |     4 |     1 |     4 |       ||     9
       Scroll            |     3 |     8 |    14 |     6 ||    31
 Stab: Sleeping          |       |     1 |       |       ||     1
Armor: Robe              |    10 |     6 |     6 |     1 ||    23
       Skin              |     2 |       |       |       ||     2
Dodge: Dodged            |    34 |    41 |    35 |     6 ||   116
Block: Other             |       |       |     6 |     4 ||    10
       Reflection        |       |       |     1 |       ||     1

Table legend: (Time is in decaauts)
 A = Elapsed time spent in this place.
 B = Non-inter-level travel time spent in this place.
 C = Inter-level travel time spent in this place.
 D = Time resting spent in this place.
 E = Time spent auto-exploring this place.
 F = Levels seen in this place.
 G = Mean time per level.
                   A        B        C        D        E       F      G
               +--------+--------+--------+--------+--------+-----+--------+
         Total |   8745 |   8433 |    312 |   1806 |   5297 |   9 |  971.7 |
       Dungeon |   8745 |   8433 |    312 |   1806 |   5297 |   9 |  971.7 |
               +--------+--------+--------+--------+--------+-----+--------+

Top non-repeatable levels by time:
     D:6: 1859 daAuts
     D:3: 1357 daAuts
     D:4: 1133 daAuts
     D:2: 1031 daAuts
     D:1: 1005 daAuts
     D:7: 996 daAuts
     D:5: 629 daAuts
     D:8: 613 daAuts
     D:9: 118 daAuts
